AoeStats
← New Job Ginger

Socotra

504394307Analyzed
4v4 RM · 25d ago on Sep 5, 2026· 11m 16s· 8 players
Game mode
Random Map
Map size
148×148
Population
200
Speed
Normal
Resources
Standard
Victory
Conquest
Starting age
Dark Age
Ending age
Imperial Age
RankedLock teamsTeams togetherTeam positionsShared explorationLock speedFull tech treeHidden civsTurbo modeCheats
Victory
Defeat
🇺🇸 Cumans · United States
1520
+10
🇺🇸 Armenians · United States
1508
+10
🇺🇸 Inca · United States
1210
+22
🇨🇦 Franks · Canada
1147
+24
🇲🇽 Byzantines · Mexico
1509
-22
🇦🇷 Teutons · Argentina
1350
-16
🇲🇽 Celts · Mexico
1330
-15
🇲🇽 Persians · Mexico
1263
-13
Yloop not Floop
1:30 Loom
5:19 Loom
5:25 Loom
10:56 Feudal Age
Herkaderkadoo
7:01 Loom
9:16 Feudal Age
9:17 Champi Runner
9:50 Double-Bit Axe
9:46 Horse Collar
ForgotFletching
7:03 Loom
9:20 Feudal Age
10:36 Wheelbarrow
10:12 Double-Bit Axe
New Job Ginger
8:01 Loom
10:39 Feudal Age
11:15 Double-Bit Axe
utenrreyra
7:00 Loom
9:51 Feudal Age
[A2PL]TheOne
9:11 Feudal Age
9:53 Double-Bit Axe
9:56 Horse Collar
11:26 Loom
DiegoAzul10
7:57 Loom
9:42 Feudal Age
10:47 Double-Bit Axe
[KoA]M4GNO
4:46 Loom
10:09 Feudal Age
Connection lost

Rejoining the realm…

Still unreachable

The connection could not be restored.

Session expired

The server has moved on; the page needs a fresh start.